 Dungeon Crawl Stone Soup version 0.30-a0-808-g6e0788376e (webtiles) character file.

Game seed: 15941762125310393588

58 cforsyth the Sneak (level 4, -6/27 HPs)
             Began as a Kobold Brigand on Feb 25, 2023.
             Mangled by a gnoll
             ... wielding a +0 spear
              (7 damage)
             ... on level 1 of the Dungeon.
             The game lasted 00:02:37 (1438 turns).

cforsyth the Sneak (Kobold Brigand)                 Turns: 1438, Time: 00:02:38

Health: -6/27      AC:  5    Str:  8    XL:     4   Next: 21%
Magic:  4/4        EV: 15    Int: 12    God:
Gold:   47         SH:  0    Dex: 18    Spells: 3/3 levels left

rFire   . . .      SeeInvis .    a - +2 dagger
rCold   . . .      Faith    .    (no shield)
rNeg    . . .      Spirit   .    b - +0 robe
rPois   .          Reflect  .    (no helmet)
rElec   .          Harm     .    c - +0 cloak
rCorr   .          Rampage  .    (no gloves)
Will    .....                    (no boots)
Stlth   ++++                     (no amulet)
HPRegen 0.24/turn                (no ring)
MPRegen 0.09/turn                (no ring)

@: no status effects
A: small, no large weapons, nightstalker 3, iridescent scales 1
a: no special abilities


You were on level 1 of the Dungeon.
You visited 1 branch of the dungeon, and saw 2 of its levels.

You collected 47 gold pieces.

Inventory:

Hand Weapons
 a - a +2 dagger (weapon)
Missiles
 d - 9 poisoned darts (quivered)
 e - 3 curare-tipped darts
Armour
 b - a +0 robe (worn)
 c - a +0 cloak (worn)
Jewellery
 j - a ring of willpower
Scrolls
 f - 2 scrolls of enchant armour {unknown}
 h - 3 scrolls of teleportation {unknown}
 k - a scroll of butterflies {unknown}
 l - a scroll of amnesia {unknown}
Potions
 i - a potion of lignification {unknown}


   Skills:
 + Level 2.9 Fighting
 + Level 3.6 Short Blades
 - Level 2.1 Throwing
 + Level 2.3 Dodging
 + Level 6.0 Stealth


You had 3 spell levels left.
You didn't know any spells.
Your spell library contained the following spells:

 Spells                   Type           Power      Damage    Failure   Level
 Borgnjor's Revivificati  Necr           0%         N/A       100%        8
 Necromutation            Tmut/Necr      0%         N/A       100%        8
 Death's Door             Necr           0%         N/A       100%        9


Dungeon Overview and Level Annotations

Branches:
Dungeon (2/15)

Altars:


Innate Abilities, Weirdness & Mutations

You are small and have problems with some larger weapons.
You are completely attuned to the shadows.
You are partially covered in iridescent scales. (AC +2)


Message History

The gnoll completely misses you.
You hit the gnoll.
The gnoll is lightly wounded.
The endoplasm freezes you.
You are frozen.
The gnoll hits you with a +0 spear!
You closely miss the gnoll. The endoplasm freezes you.
You are frozen.
The gnoll completely misses you.
You closely miss the gnoll. The endoplasm freezes you.
You are frozen.
The gnoll closely misses you.
You completely miss the gnoll. The gnoll attacks as you move away!
The gnoll closely misses you. The endoplasm closely misses you.
The gnoll misses you. The endoplasm misses you.
Unknown command.
The endoplasm freezes you.
You are frozen.
The gnoll hits you but does no damage.
There is an open door here.
The endoplasm attacks as you move away! The endoplasm misses you.
The endoplasm attacks as you move away! The endoplasm closely misses you.
There is an open door here.
The endoplasm attacks as you move away! The endoplasm hits you.
The endoplasm attacks as you move away!
The endoplasm hits you but does no damage.
You hit the endoplasm.
The endoplasm is moderately wounded.
The endoplasm hits you but does no damage.
You hit the endoplasm.
The endoplasm is moderately wounded.
The endoplasm completely misses you.
The gnoll hits you from afar with a +0 spear!
* * * LOW HITPOINT WARNING * * *
You barely miss the endoplasm.
The endoplasm is moderately wounded.
The endoplasm freezes you.
You are frozen.
* * * LOW HITPOINT WARNING * * *
The gnoll hits you from afar with a +0 spear!
You die...

########
.......#######
.......##....#########
........'....'gJ@....#
.......##....#######.#
.....)>##..........#.#
.......##....#####.#.#
........#..........#.#
######..#.....###..#.#
..# #..###.#.#.#..#.#
#.####..###.#.†.#..#.#
#...........#####..#.#


You could see a gnoll and an endoplasm.

Vanquished Creatures
  A gnoll (D:1)
  An adder (D:2)
  A worm (D:2)
  A dart slug (D:1)
  2 ball pythons (D:1)
  3 endoplasms (D:1)
  2 giant cockroaches (D:1)
  5 goblins
  4 hobgoblins
  A quokka (D:1)
  3 bats
  2 frilled lizards (D:1)
  3 kobolds (D:1)
  2 rats
31 creatures vanquished.

Notes
Turn   | Place    | Note
-------+----------+-------------------------------------------
     0 | D:1      | cforsyth the Kobold Brigand began the quest for the Orb.
     0 | D:1      | Reached XP level 1. HP: 12/12 MP: 1/1
   110 | D:1      | Reached XP level 2. HP: 18/18 MP: 2/2
   404 | D:1      | Reached XP level 3. HP: 22/22 MP: 3/3
   644 | D:1      | Found a faded altar of an unknown god.
   828 | D:2      | Gained mutation: You are partially covered in iridescent
                  | scales. (AC +2) [potion of mutation]
   861 | D:1      | Reached XP level 4. HP: 13/27 MP: 4/4
  1267 | D:1      | Reached skill level 6 in Stealth
  1438 | D:1      | HP: 1/27 [frozen (2)]
  1438 | D:1      | Mangled by a gnoll

Illustrated notes

Levels and vault maps discovered:
D:1:      reono_arrival_forest_river, layout_basic,
          shapermc_ecumenical_altar_pompeii, minivault_5
D:2:      layout_loops_cross

Skill      XL: |  1  2  3  4 |
---------------+-------------+-----
Short Blades   | 3 |  3.6
Dodging        | 2 |  2.3
Stealth        | 6 |  6.0
Fighting       | |  2.9
Throwing       | |  2.1

Action                     |  1- 3 |  4- 6 || total
---------------------------+-------+-------++-------
  Melee: Dagger            |    58 |    23 ||    81
    Use: Potion            |     2 |       ||     2
   Stab: Sleeping          |    15 |     3 ||    18
 Armour: Robe              |     9 |     8 ||    17
  Dodge: Dodged            |    40 |    26 ||    66

Table legend: (Time is in decaauts)
 A = Elapsed time spent in this place.
 B = Non-inter-level travel time spent in this place.
 C = Inter-level travel time spent in this place.
 D = Time resting spent in this place.
 E = Time spent auto-exploring this place.
 F = Levels seen in this place.
 G = Mean time per level.
                   A        B        C        D        E       F      G
               +--------+--------+--------+--------+--------+-----+--------+
         Total |   1437 |   1430 |      7 |    401 |    728 |   2 |  718.5 |
       Dungeon |   1437 |   1430 |      7 |    401 |    728 |   2 |  718.5 |
               +--------+--------+--------+--------+--------+-----+--------+

Top non-repeatable levels by time:
     D:1: 1184 daAuts
     D:2: 252 daAuts
